SR
PHOENIX HOTSPUR ACADEMY @ NEWCASTLE MERMEN
08/29/2034
 
TOP OF THE 1ST
Phoenix Hotspur Academy batting - Pitching for Newcastle Mermen : RHP Kini Grinter
Pitching: RHP Kini Grinter
Batting: RHB Brad Lamb 0-0: Ground out 3-1 (Groundball, 34S)
Batting: RHB Frank Ray 0-0: Ball
1-0: Fly out, F7 (Flyball, 78M)
Batting: RHB Paco González 0-0: Called Strike
0-1: SINGLE (Groundball, 34) (infield hit)
Batting: RHB Nathan Pruitt 0-0: Called Strike
0-1: Called Strike
0-2: Ball
1-2: Strikes out swinging
Top of the 1st over - 0 runs, 1 hit, 0 errors, 1 left on base; Phoenix 0 - Newcastle 0
BOTTOM OF THE 1ST
Newcastle Mermen batting - Pitching for Phoenix Hotspur Academy : LHP Tim Lockhart
Pitching: LHP Tim Lockhart
Batting: RHB John Ryan 0-0: Ball
1-0: Called Strike
1-1: Foul Ball, location: 2F
1-2: Strikes out swinging
Batting: SHB José García 0-0: SINGLE (Line Drive, 89S)
Batting: RHB Garm van Opdorp 0-0: Ball
1-0: Ball
2-0: Called Strike
2-1: Called Strike
2-2: Ball
3-2: Strikes out swinging
Batting: RHB Barsati Saraf 0-0: Called Strike
0-1: Ball
1-1: Swinging Strike
1-2: Foul Ball, location: 2F
1-2: Foul Ball, location: 2F
1-2: Ball
2-2: Strikes out swinging
Bottom of the 1st over - 0 runs, 1 hit, 0 errors, 1 left on base; Phoenix 0 - Newcastle 0
TOP OF THE 2ND
Phoenix Hotspur Academy batting - Pitching for Newcastle Mermen : RHP Kini Grinter
Batting: RHB Hal Larson 0-0: Called Strike
0-1: Foul Ball, location: 2F
0-2: Ball
1-2: Reached on error, E5 (Groundball, 56S)
Batting: RHB Ronnie Wise 0-0: Ball
1-0: Ball
Wild Pitch!
Hal Larson to third
2-0: Fly out, F9 (Flyball, 9D)
Runner from 3rd tags up, SCORES, throw made
Batting: RHB Jesse McCoy 0-0: Foul Ball, location: 2F
0-1: Called Strike
0-2: Ball
1-2: Strikes out swinging
Batting: LHB Daniel Joseph 0-0: Called Strike
0-1: Foul Ball, location: 2F
0-2: Strikes out looking
Top of the 2nd over - 1 run, 0 hits, 1 error, 0 left on base; Phoenix 1 - Newcastle 0
BOTTOM OF THE 2ND
Newcastle Mermen batting - Pitching for Phoenix Hotspur Academy : LHP Tim Lockhart
Batting: RHB Seung-hwan Pak 0-0: Foul Ball, location: 2F
0-1: Ball
1-1: Foul Ball, location: 2F
1-2: Fly out, F9 (Flyball, 9S)
Batting: RHB Estanislao Hirigoyen 0-0: SINGLE (Flyball, 6D)
Batting: RHB Katsuyuki Nakamura 0-0: Called Strike
0-1: Ball
1-1: Swinging Strike
1-2: Ball
2-2: Strikes out swinging
Batting: RHB Jasa Anastasijevic 0-0: Foul Ball, location: 2F
0-1: Ball
1-1: Called Strike
1-2: Strikes out swinging
Bottom of the 2nd over - 0 runs, 1 hit, 0 errors, 1 left on base; Phoenix 1 - Newcastle 0
TOP OF THE 3RD
Phoenix Hotspur Academy batting - Pitching for Newcastle Mermen : RHP Kini Grinter
Batting: RHB Felipe Hernández 0-0: Fly out, F9 (Line Drive, 9)
Batting: RHB Brad Lamb 0-0: Ball
1-0: Ball
2-0: Ball
3-0: Base on Balls
Batting: RHB Frank Ray 0-0: Ball
Brad Lamb is caught stealing 2nd base
1-0: Called Strike
1-1: Called Strike
1-2: Foul Ball, location: 2F
1-2: Ground out 6-3 (Groundball, 6)
Top of the 3rd over - 0 runs, 0 hits, 0 errors, 0 left on base; Phoenix 1 - Newcastle 0
BOTTOM OF THE 3RD
Newcastle Mermen batting - Pitching for Phoenix Hotspur Academy : LHP Tim Lockhart
Batting: RHB José Cruz 0-0: Ball
1-0: Foul Ball, location: 2F
1-1: Ball
2-1: Ball
3-1: Base on Balls
Batting: RHB John Ryan 0-0: SINGLE (Flyball, 89M)
José Cruz to second
Batting: SHB José García 0-0: Ball
1-0: Ball
2-0: Fly out, F4 (Line Drive, 4)
Batting: RHB Garm van Opdorp 0-0: Ball
1-0: Grounds into double play, 6-4-3 (Groundball, 6)
Bottom of the 3rd over - 0 runs, 1 hit, 0 errors, 1 left on base; Phoenix 1 - Newcastle 0
TOP OF THE 4TH
Phoenix Hotspur Academy batting - Pitching for Newcastle Mermen : RHP Kini Grinter
Batting: RHB Paco González 0-0: Called Strike
0-1: Swinging Strike
0-2: Foul Ball, location: 2F
0-2: Foul Ball, location: 2F
0-2: Ball
1-2: Foul Ball, location: 2F
1-2: Ground out 5-3 (Groundball, 5)
Batting: RHB Nathan Pruitt 0-0: Swinging Strike
0-1: Ball
1-1: Ball
2-1: Ball
3-1: Foul Ball, location: 2F
3-2: SINGLE (Line Drive, 56)
Batting: RHB Hal Larson 0-0: Called Strike
0-1: SINGLE (Groundball, 4MD)
Nathan Pruitt to second
Runner from 2nd tries for 3rd, SAFE, no throw
Batting: RHB Ronnie Wise 0-0: Ball
1-0: Called Strike
1-1: Ball
2-1: Ball
3-1: Called Strike
3-2: Base on Balls
Hal Larson to second
Batting: RHB Jesse McCoy 0-0: Ball
1-0: Called Strike
1-1: Ball
2-1: Ground out 5-3 (Groundball, 56S)
Nathan Pruitt scores
Hal Larson to third
Ronnie Wise to second
Batting: LHB Daniel Joseph 0-0: Ball
1-0: Ball
2-0: Called Strike
2-1: Called Strike
2-2: Strikes out swinging
Top of the 4th over - 1 run, 2 hits, 0 errors, 2 left on base; Phoenix 2 - Newcastle 0
BOTTOM OF THE 4TH
Newcastle Mermen batting - Pitching for Phoenix Hotspur Academy : LHP Tim Lockhart
Batting: RHB Barsati Saraf 0-0: Ball
1-0: Ball
2-0: Called Strike
2-1: Called Strike
2-2: Foul Ball, location: 2F
2-2: Foul Ball, location: 2F
2-2: Strikes out swinging
Batting: RHB Seung-hwan Pak 0-0: Ground out 4-3 (Groundball, 4)
Batting: RHB Estanislao Hirigoyen 0-0: Called Strike
0-1: Ball
1-1: Ball
2-1: Swinging Strike
2-2: Strikes out swinging
Bottom of the 4th over - 0 runs, 0 hits, 0 errors, 0 left on base; Phoenix 2 - Newcastle 0
TOP OF THE 5TH
Phoenix Hotspur Academy batting - Pitching for Newcastle Mermen : RHP Kini Grinter
Batting: RHB Felipe Hernández 0-0: Called Strike
0-1: Swinging Strike
0-2: Foul Ball, location: 2F
0-2: Ball
1-2: Ground out 6-3 (Groundball, 6)
Batting: RHB Brad Lamb 0-0: Called Strike
0-1: Foul Ball, location: 2F
0-2: Ball
1-2: Ground out U3 (Groundball, 3)
Batting: RHB Frank Ray 0-0: Ball
1-0: Swinging Strike
1-1: Foul Ball, location: 2F
1-2: Ball
2-2: Ball
3-2: SOLO HOME RUN (Line Drive, 7D), Distance : 383 ft
Batting: RHB Paco González 0-0: Called Strike
0-1: Foul Ball, location: 2F
0-2: Ball
1-2: Ball
2-2: Ball
3-2: Fly out, F7 (Flyball, 78M)
Top of the 5th over - 1 run, 1 hit, 0 errors, 0 left on base; Phoenix 3 - Newcastle 0
BOTTOM OF THE 5TH
Newcastle Mermen batting - Pitching for Phoenix Hotspur Academy : LHP Tim Lockhart
Batting: RHB Katsuyuki Nakamura 0-0: Called Strike
0-1: Ball
1-1: SINGLE (Line Drive, 7LM)
Batting: RHB Jasa Anastasijevic 0-0: Called Strike
0-1: Bunt missed!
0-2: Foul Ball, location: 2F
0-2: Foul Ball, location: 2F
0-2: Ball
1-2: Ball
2-2: Fielders Choice at 2nd, 6-4 (Groundball, 6)
Batting: RHB José Cruz 0-0: Ball
Jasa Anastasijevic steals 2nd base
1-0: Fly out, F7 (Flyball, 7D)
Batting: RHB John Ryan 0-0: Called Strike
0-1: Ball
1-1: Foul Ball, location: 2F
1-2: Ground out 6-3 (Groundball, 6)
Bottom of the 5th over - 0 runs, 1 hit, 0 errors, 1 left on base; Phoenix 3 - Newcastle 0
TOP OF THE 6TH
Phoenix Hotspur Academy batting - Pitching for Newcastle Mermen : RHP Kini Grinter
Batting: RHB Nathan Pruitt 0-0: Ball
1-0: Ball
2-0: Called Strike
2-1: Called Strike
2-2: Ball
3-2: Foul Ball, location: 2F
3-2: DOUBLE (Flyball, 89D)
Batting: RHB Hal Larson 0-0: Foul Ball, location: 2F
0-1: Ground out 6-3 (Groundball, 6)
Batting: RHB Ronnie Wise 0-0: Ball
1-0: Foul Ball, location: 2F
1-1: Ball
2-1: Ball
3-1: Base on Balls
Batting: RHB Jesse McCoy 0-0: Foul Ball, location: 2F
0-1: Foul Ball, location: 2F
0-2: Ball
1-2: Ball
2-2: Ball
3-2: Base on Balls
Nathan Pruitt to third
Ronnie Wise to second
Batting: LHB Daniel Joseph 0-0: Ball
1-0: Foul Ball, location: 2F
1-1: GRAND SLAM HOME RUN (Line Drive, 9D), Distance : 380 ft
Pitching: RHP Foeke Advocaat
Batting: RHB Felipe Hernández 0-0: Ground out 4-3 (Groundball, 4)
Batting: RHB Brad Lamb 0-0: Foul Ball, location: 2F
0-1: Ball
1-1: Foul Ball, location: 2F
1-2: Ball
2-2: Strikes out swinging
Top of the 6th over - 4 runs, 2 hits, 0 errors, 0 left on base; Phoenix 7 - Newcastle 0
BOTTOM OF THE 6TH
Newcastle Mermen batting - Pitching for Phoenix Hotspur Academy : LHP Tim Lockhart
Batting: SHB José García 0-0: Ball
1-0: Swinging Strike
1-1: Hit by Pitch
Batting: RHB Garm van Opdorp 0-0: SINGLE (Line Drive, 8RM)
José García to second
Batting: RHB Barsati Saraf 0-0: Foul Ball, location: 2F
0-1: Ball
1-1: Ball
2-1: SINGLE (Line Drive, 34D)
José García to third
Garm van Opdorp to second
Batting: RHB Seung-hwan Pak 0-0: SINGLE (Line Drive, 4D)
José García scores
Garm van Opdorp to third
Barsati Saraf to second
Batting: RHB Estanislao Hirigoyen 0-0: Ball
1-0: SINGLE (Line Drive, 6MD)
Garm van Opdorp scores
Barsati Saraf to third
Seung-hwan Pak to second
Batting: RHB Katsuyuki Nakamura 0-0: Called Strike
0-1: Called Strike
0-2: Strikes out looking
Batting: RHB Jasa Anastasijevic 0-0: Called Strike
0-1: Ball
1-1: Ball
2-1: Fly out, F9 (Flyball, 9S)
Batting: RHB José Cruz 0-0: Ball
1-0: DOUBLE (Line Drive, 78D)
Barsati Saraf scores
Seung-hwan Pak scores
Estanislao Hirigoyen to third
Runner from 3rd tries for Home, SAFE, no throw
Batting: RHB John Ryan 0-0: Called Strike
0-1: Foul Ball, location: 2F
0-2: Ball
1-2: DOUBLE (Line Drive, 7LM)
José Cruz scores
Pitching: RHP Brenton Gunter
Batting: SHB José García 0-0: Ball
1-0: Ball
2-0: Called Strike
2-1: Foul Ball, location: 2F
2-2: Ball
3-2: Strikes out looking
Bottom of the 6th over - 6 runs, 6 hits, 0 errors, 1 left on base; Phoenix 7 - Newcastle 6
TOP OF THE 7TH
Phoenix Hotspur Academy batting - Pitching for Newcastle Mermen : RHP Foeke Advocaat
Batting: RHB Frank Ray 0-0: SINGLE (Groundball, 34D)
Batting: RHB Paco González 0-0: Called Strike
0-1: SINGLE (Groundball, 56S) (infield hit)
Frank Ray to second
Batting: RHB Nathan Pruitt 0-0: Ball
Wild Pitch!
Frank Ray to third
Paco González to second
1-0: Foul Ball, location: 2F
1-1: Foul Ball, location: 2F
1-2: SINGLE (Line Drive, 56)
Frank Ray scores
Paco González to third
Runner from 3rd tries for Home, SAFE, no throw
Batting: RHB Hal Larson 0-0: Called Strike
0-1: Grounds into double play, 5-4-3 (Groundball, 56)
Batting: RHB Ronnie Wise 0-0: Ball
1-0: Foul Ball, location: 2F
1-1: Ball
2-1: Foul Ball, location: 2F
2-2: SINGLE (Groundball, 34D)
Batting: RHB Jesse McCoy 0-0: Ball
1-0: Swinging Strike
1-1: Ball
2-1: Called Strike
2-2: Strikes out looking
Top of the 7th over - 2 runs, 4 hits, 0 errors, 1 left on base; Phoenix 9 - Newcastle 6
BOTTOM OF THE 7TH
Newcastle Mermen batting - Pitching for Phoenix Hotspur Academy : RHP Brenton Gunter
Batting: RHB Garm van Opdorp 0-0: Swinging Strike
0-1: Called Strike
0-2: Foul Ball, location: 2F
0-2: Strikes out swinging
Batting: RHB Barsati Saraf 0-0: Called Strike
0-1: Called Strike
0-2: Ball
1-2: Strikes out swinging
Batting: RHB Seung-hwan Pak 0-0: DOUBLE (Flyball, 9LD)
Batting: RHB Estanislao Hirigoyen 0-0: Ball
1-0: Foul Ball, location: 2F
1-1: Ground out 4-3 (Groundball, 4MS)
Bottom of the 7th over - 0 runs, 1 hit, 0 errors, 1 left on base; Phoenix 9 - Newcastle 6
TOP OF THE 8TH
Phoenix Hotspur Academy batting - Pitching for Newcastle Mermen : RHP Foeke Advocaat
Batting: LHB Daniel Joseph 0-0: Foul Ball, location: 2F
0-1: Swinging Strike
0-2: Ball
1-2: Ball
2-2: Ball
3-2: Strikes out swinging
Batting: RHB Felipe Hernández 0-0: Ball
1-0: SINGLE (Groundball, 6D)
Batting: RHB Brad Lamb 0-0: Ball
1-0: Fielders Choice at 2nd, 1-4 (Groundball, 15S)
Batting: RHB Frank Ray 0-0: DOUBLE (Line Drive, 89D)
Brad Lamb to third
Runner from 3rd tries for Home, SAFE, no throw
Batting: RHB Paco González 0-0: Ball
1-0: Fly out, F8 (Flyball, 8LS)
Top of the 8th over - 1 run, 2 hits, 0 errors, 1 left on base; Phoenix 10 - Newcastle 6
BOTTOM OF THE 8TH
Newcastle Mermen batting - Pitching for Phoenix Hotspur Academy : RHP Brenton Gunter
Batting: RHB Katsuyuki Nakamura 0-0: Ball
1-0: Called Strike
1-1: Called Strike
1-2: SINGLE (Groundball, 6D)
Batting: RHB Jasa Anastasijevic 0-0: Foul Ball, location: 2F
0-1: Ball
1-1: Called Strike
1-2: Foul Ball, location: 2F
1-2: Grounds into double play, 6-4-3 (Groundball, 56)
Batting: RHB José Cruz 0-0: Ball
1-0: Called Strike
1-1: Ball
2-1: Ball
3-1: Foul Ball, location: 2F
3-2: Foul Ball, location: 2F
3-2: Strikes out swinging
Bottom of the 8th over - 0 runs, 1 hit, 0 errors, 0 left on base; Phoenix 10 - Newcastle 6
TOP OF THE 9TH
Phoenix Hotspur Academy batting - Pitching for Newcastle Mermen : RHP Foeke Advocaat
Batting: RHB Nathan Pruitt 0-0: Foul Ball, location: 2F
0-1: Foul Ball, location: 2F
0-2: Ball
1-2: SINGLE (Groundball, 5D)
Batting: RHB Hal Larson 0-0: Foul Ball, location: 2F
0-1: Ball
Wild Pitch!
Nathan Pruitt to second
1-1: Foul Ball, location: 2F
1-2: Fly out, F9 (Flyball, 9)
Batting: RHB Ronnie Wise 0-0: Intentional Walk
Batting: RHB Jesse McCoy 0-0: Called Strike
0-1: Ball
1-1: Called Strike
1-2: Foul Ball, location: 2F
1-2: Ball
2-2: Strikes out swinging
Batting: LHB Daniel Joseph 0-0: Ball
1-0: Fly out, F9 (Line Drive, 9)
Top of the 9th over - 0 runs, 1 hit, 0 errors, 2 left on base; Phoenix 10 - Newcastle 6
BOTTOM OF THE 9TH
Newcastle Mermen batting - Pitching for Phoenix Hotspur Academy : RHP Brenton Gunter
Pitching: RHP Ernesto García
Batting: RHB John Ryan 0-0: Called Strike
0-1: SINGLE (Line Drive, 6MD)
Batting: SHB José García 0-0: Foul Ball, location: 2F
0-1: DOUBLE (Line Drive, 9LS)
John Ryan to third
Batting: RHB Garm van Opdorp 0-0: Ball
1-0: Fly out, F9 (Flyball, 9)
Runner from 3rd tags up, SCORES, no throw
Batting: RHB Barsati Saraf 0-0: Ball
1-0: Called Strike
1-1: Ball
2-1: 2-RUN HOME RUN (Flyball, 9D), Distance : 386 ft
Batting: RHB Seung-hwan Pak 0-0: Ball
1-0: Hit by Pitch
Pitching: RHP Luis Bruno
Batting: RHB Estanislao Hirigoyen 0-0: Ball
1-0: Ball
2-0: Ball
3-0: Called Strike
3-1: Foul Ball, location: 2F
3-2: Strikes out swinging
Pinch Hitting: RHB John Batman 0-0: Called Strike
0-1: Fly out, F8 (Flyball, 8LM)
Bottom of the 9th over - 3 runs, 3 hits, 0 errors, 1 left on base; Phoenix 10 - Newcastle 9
Friday, March 29th, 2019 - OOTP Baseball 18.8 Build 76